 Dungeon Crawl Stone Soup version 0.24.0-13-gcf9b3192b9 (webtiles) character file.

Game seed: 11619445088408927466, levelgen mode: deterministic

468 Delamore the Cleaver (level 7, -1/57 HPs)
             Began as a Hill Orc Fighter on Nov 10, 2019.
             Slain by an iguana (6 damage)
             ... on level 5 of the Dungeon.
             The game lasted 00:04:19 (2027 turns).

Delamore the Cleaver (Hill Orc Fighter)             Turns: 2027, Time: 00:04:21

Health: -1/57      AC:  8    Str: 21    XL:     7   Next: 8%
Magic:  7/7        EV:  7    Int:  8    God:
Gold:   124        SH:  9    Dex: 12    Spells: 6/6 levels left

rFire    . . .     SeeInvis .   a - +0 war axe
rCold    . . .     Gourm    .   c - +0 shield
rNeg     . . .     Faith    +   b - +0 scale mail
rPois    +         Spirit   .   o - +0 helmet
rElec    .         Reflect  .   (no cloak)
rCorr    .         Harm     .   (no gloves)
MR       .....                  (no boots)
Stlth    ..........             m - amulet of faith
HPRegen  0.59/turn              e - ring of poison resistance
MPRegen  0.10/turn              (no ring)

@: fainting
A: thin skeletal structure 1, regeneration 1
a: no special abilities


You were on level 5 of the Dungeon.
You were fainting.

You visited 1 branch of the dungeon, and saw 5 of its levels.

You collected 124 gold pieces.

Inventory:

Hand Weapons
 a - a +0 war axe (weapon)
Armour
 b - a +0 scale mail (worn)
 c - a +0 shield (worn)
 o - a +0 helmet (worn)
Jewellery
 e - a ring of poison resistance (left hand)
 m - an amulet of faith (around neck)
Wands
 j - a wand of iceblast (4)
 n - a wand of flame (5)
Scrolls
 g - a scroll of remove curse {unknown}
 h - a scroll of fear {unknown}
 k - 3 scrolls of identify {unknown}
 l - a scroll of magic mapping {unknown}
 p - a scroll of immolation {unknown}
Potions
 i - a potion of flight
Comestibles
 d - 4 chunks of flesh
 f - 4 rations


   Skills:
 - Level 3.6 Fighting
 + Level 9.7 Axes
 - Level 3.2 Armour
 - Level 3.2 Shields


You had 6 spell levels left.
You didn't know any spells.
Your spell library was empty.

Dungeon Overview and Level Annotations

Branches:
Dungeon (5/15)
 Temple: D:4-7

Altars:
Gozag

Annotations:
D:4 Pikel


Innate Abilities, Weirdness & Mutations

You have a somewhat thin skeletal structure. (Dex +2, Stealth)
Your natural rate of healing is unusually fast.


Message History

Unknown command.
You slash the iguana!
The iguana is almost dead.
You slash the hungry ghost! You block the iguana's attack.
The hungry ghost hits you.
You feel slightly more hungry. The hungry ghost hits you.
* * * LOW HITPOINT WARNING * * *
You feel slightly more hungry. The iguana bites you.
* * * LOW HITPOINT WARNING * * *
Your shield and scale mail prevent you from hitting the iguana.
The iguana is almost dead.
You barely miss the hungry ghost. The iguana barely misses you.
The hungry ghost hits you.
You feel slightly more hungry.
You barely miss the iguana.
The iguana is almost dead.
You barely miss the hungry ghost.
You feel yourself speed up. You block the iguana's attack.
You block the hungry ghost's attack. The iguana bites you.
You die...

######
+####....#
.......W.#
.......@#
......)l.....#
###..........#
#........!.#
............#
.............+
.............#
##############


You could see a hungry ghost and an iguana.

Vanquished Creatures
  Menkaure (D:4)
  2 hounds (D:4)
  An orc wizard (D:5)
  Jessica (D:3)
  Robin (D:3)
  7 gnolls (D:4)
  8 adders
  An ooze (D:1)
  2 worms (D:2)
  2 dart slugs (D:2)
  6 bats
  A giant cockroach (D:2)
  15 goblins
  11 hobgoblins
  A jackal (D:3)
  6 kobolds
  A quokka (D:2)
  3 ball pythons
  4 frilled lizards
  7 rats
81 creatures vanquished.

Notes
Turn   | Place    | Note
-------+----------+-------------------------------------------
     0 | D:1      | Delamore the Hill Orc Fighter began the quest for the Orb.
     0 | D:1      | Reached XP level 1. HP: 19/19 MP: 1/1
    32 | D:1      | Reached skill level 3 in Axes
    73 | D:1      | Reached XP level 2. HP: 24/26 MP: 2/2
   156 | D:1      | Reached skill level 4 in Axes
   477 | D:2      | Reached XP level 3. HP: 29/31 MP: 3/3
   547 | D:2      | Reached skill level 5 in Axes
   908 | D:2      | Reached XP level 4. HP: 39/39 MP: 4/4
   932 | D:2      | Reached skill level 6 in Axes
  1234 | D:3      | Found an opulent altar of Gozag.
  1250 | D:3      | Noticed Robin
  1268 | D:3      | Reached XP level 5. HP: 33/45 MP: 5/5
  1279 | D:3      | Killed Robin
  1654 | D:3      | Reached skill level 7 in Axes
  1697 | D:3      | Noticed Jessica
  1708 | D:3      | Killed Jessica
  1917 | D:4      | Reached skill level 8 in Axes
  1919 | D:4      | Noticed Menkaure
  1925 | D:4      | Killed Menkaure
  1925 | D:4      | Reached XP level 6. HP: 37/51 MP: 6/6
  1939 | D:4      | Reached skill level 9 in Axes
  1959 | D:4      | Gained mutation: Your mind is acute. (Int +2) [potion of
                  | mutation]
  1959 | D:4      | Gained mutation: Your natural rate of healing is unusually
                  | fast. [potion of mutation]
  1959 | D:4      | Lost mutation: Your mind is acute. (Int +2) [potion of
                  | mutation]
  1959 | D:4      | Gained mutation: You have a somewhat thin skeletal
                  | structure. (Dex +2, Stealth) [potion of mutation]
  1967 | D:4      | Reached XP level 7. HP: 7/57 MP: 7/7
  1977 | D:4      | Noticed Pikel
  2014 | D:5      | Entered Level 5 of the Dungeon
  2014 | D:5      | Noticed a hungry ghost
  2027 | D:5      | Slain by an iguana

Levels and vault maps discovered:
D:1:      elethiomel_arrival_quiet, layout_basic
D:2:      layout_rooms
D:3:      lemuel_upstairs_altar, layout_rooms, grunt_gozag_statues, st_stairs_4,
          uniq_robin, uniq_jessica
D:4:      layout_loops_ring, first_ration, uniq_menkaure, uniq_pikel
D:5:      layout_gridville, eat_drink_and_be_merry_uskayaw,
          gammafunk_ghost_arena, uniq_edmund

Skill      XL: |  1  2  3  4  5  6 |
---------------+-------------------+-----
Axes           | 3 4 5 6 8 9 |  9.7
Fighting       | |  3.6
Armour         | |  3.2
Shields        | |  3.2

Action                   |  1- 3 |  4- 6 |  7- 9 || total
-------------------------+-------+-------+-------++-------
Melee: War axe           |    71 |   147 |    15 ||   233
Evoke: Wand              |       |     3 |       ||     3
  Use: Potion            |       |     3 |       ||     3
  Eat: Chunk             |       |     4 |       ||     4
Armor: Scale mail        |    21 |    82 |    15 ||   118
Dodge: Dodged            |    15 |    78 |     8 ||   101
Block: Shield            |    28 |    92 |    17 ||   137
